Unix NetHack Version 3.7.0-102 Work-in-progress - last build Apr 6 2024 13:22:21 (d302a6a9ff6341f1a922d8f5af178406b35fdf99,branch:master). Game began 2024-05-01 08:35:12, ended 2024-05-01 09:18:03. farfar, neutral male human Ranger ------------- ---.-- .`..........|####..)(.| #|...........|# |.....# ###............|# .....|# -- ###-|-----------## |....|# |. )# #d@########### ----.-## |...-######'### ## # |... # # ... . ######## ---- ###-|--- |...| #|.<.| #....| ----- Farfar the Lookout St:17 Dx:11 Co:14 In:13 Wi:13 Ch:7 Neutral S:1193 Dlvl:7 $:37 HP:0(39) Pw:27(27) AC:1 Xp:5/209 T:2595 Burdened Latest messages: What do you want to dip? [b-fh-jl-qsuzABDFI-LOQT-WZ or ?*] What do you want to dip 16 +0 arrows into? [ijnpsALQUVZ or ?*] The ruby potion forms a coating on the arrows. What do you want to use or apply? [luBF or ?*] Never mind. The gold golem opens a door. b - a +1 bow (weapon in right hand). O - a curved sword (alternate weapon; not wielded). You begin bashing monsters with your bow. You hit the gold golem. The gold golem hits! The gold golem hits again! Sirius misses the gold golem. The gold golem hits! The gold golem hits again! Sirius bites the gold golem. The gold golem hits Sirius. The gold golem misses Sirius. Sirius bites the gold golem. In what direction? You shoot 2 arrows. The 1st arrow hits the gold golem! The 2nd arrow hits the gold golem! Sirius misses the gold golem. Sirius misses the gold golem. In what direction? You shoot 2 arrows. The 1st arrow hits the gold golem. The 2nd arrow hits the gold golem! The gold golem hits! The gold golem misses! Sirius misses the gold golem. The gold golem hits! The gold golem hits again! Sirius misses the gold golem. Sirius bites it. It hits Sirius. It misses Sirius. In what direction? You shoot 2 arrows. The 1st arrow hits it. The 2nd arrow hits it. The gold golem hits! The gold golem hits again! You die... Do you want your possessions identified? [ynq] (y) Do you want to see your attributes? [ynq] (y) Do you want an account of creatures vanquished? [ynaq] (y) Do you want to see your conduct and achievements? [ynq] (y) Do you want to see the dungeon overview? [ynq] (y) Inventory: Coins $ - 37 gold pieces Weapons c - 30 +2 arrows (in quiver) d - 16 poisoned +0 arrows b - a +1 bow (weapon in right hand) O - a +0 scimitar (alternate weapon; not wielded) Armor h - an uncursed +0 helm of caution (being worn) K - an uncursed +0 pair of kicking boots (being worn) e - an uncursed +2 cloak of displacement (being worn) X - an uncursed +0 scale mail (being worn) Comestibles f - 2 uncursed cram rations q - 3 uncursed food rations Scrolls z - a cursed scroll of confuse monster o - an uncursed scroll of enchant armor T - an uncursed scroll of enchant weapon W - an uncursed scroll of light I - an uncursed scroll of remove curse D - a blessed scroll of teleportation Potions i - a blessed potion of blindness V - an uncursed potion of gain energy A - 3 uncursed potions of healing U - 2 cursed potions of healing Z - an uncursed potion of invisibility Q - an uncursed potion of object detection j - an uncursed potion of restore ability s - an uncursed potion of speed p - an uncursed potion of water L - a potion of unholy water Wands F - a wand of digging (0:7) B - a wand of light (0:13) Tools l - a cursed tin whistle u - an uncursed towel Gems/Stones J - an uncursed worthless piece of green glass m - an uncursed worthless piece of red glass Farfar the Ranger's attributes: Background: You were a Lookout, a level 5 male human Ranger. You were neutral, nominally on a mission for Venus who was opposed by Mercury (lawful) and Mars (chaotic). You were right-handed. You were in the Dungeons of Doom, on level 7. You entered the dungeon 2595 turns ago. You had 209 experience points, 111 more were needed to attain level 6. Your score was 1193 before end-of-game adjustments. Basics: You had 0 out of 39 hit points. You had all 27 energy points (spell power). Your armor class was 1. Your wallet contained 37 zorkmids. Autopickup was off. Final Characteristics: Your strength was 17 (limit:18/100). Your dexterity was 11 (limit:18). Your constitution was 14 (limit:18). Your intelligence was 13 (limit:18). Your wisdom was 13 (limit:18). Your charisma was 7 (limit:18). Final Status: You weren't hungry. You were burdened; movement was slightly slowed. You were wielding a bow. You were skilled in bow. Final Attributes: You were piously aligned. You were telepathic. You were warned. You had automatic searching. You were displaced. You were warded. You are dead. Miscellaneous: You never encountered a bones level. Total elapsed playing time was 42 minutes and 50 seconds. Major events: Turn 1: farfar the neutral male human Ranger entered the dungeon 709: entered the Gnomish Mines 1258: attained the rank of Lookout (level 3) 2595: killed by a gold golem Vanquished creatures: a leprechaun an imp a rock mole 3 giant ants 2 floating eyes 2 homunculi 2 kobold leaders 3 hill orcs a giant bat 2 coyotes a large kobold a cave spider 2 gnomes a garter snake 2 geckos 3 kobolds a goblin 4 sewer rats 4 grid bugs a bat 2 lichens 2 kobold zombies 7 newts 49 creatures vanquished. No species were genocided or became extinct. Voluntary challenges: You were an atheist. You read items or engraved 4 times. You never engraved Elbereth. You never genocided any monsters. You never polymorphed an object. You never changed form. You used no wishes. Achievements: You entered the Gnomish Mines. You attained the rank of Lookout. You entered a shop. The Dungeons of Doom: levels 1 to 7 Level 1: A fountain. Level 2: A fountain. Level 3: A fountain, a grave. Stairs down to The Gnomish Mines. Level 4: Level 5: A fountain. Level 6: A grave. Level 7: <- You were here. Final resting place for you, killed by a gold golem. The Gnomish Mines: Level 4: Game over: ---------- / \ / REST \ / IN \ / PEACE \ / \ | farfar | | 37 Au | | killed by a gold | | golem | | | | | | 2024 | *| * * * | * _________)/\\_//(\/(/\)/\//\/|_)_______ Goodbye farfar the Ranger... You died in The Dungeons of Doom on dungeon level 7 with 1190 points, and 37 pieces of gold, after 2595 moves. You were level 5 with a maximum of 39 hit points when you died.